 Dungeon Crawl Stone Soup version 0.17.2 (webtiles) character file.

118 MistressOfTheDunes the Insei (level 4, -1/35 HPs)
             Began as a Mummy Monk on July 12, 2016.
             Shot with a stone by a goblin (8 damage)
             ... on level 3 of the Dungeon.
             The game lasted 00:05:47 (3485 turns).

MistressOfTheDunes the Insei (Mummy Monk)           Turns: 3485, Time: 00:05:47

Health: -1/35      AC:  0    Str: 14    XL:     4   Next: 72%
Magic:  4/4        EV: 13    Int:  9    God:
Gold:   133        SH:  0    Dex: 15    Spells: 0 memorised, 3 levels left

rFire  x . .     SeeInvis .       - Unarmed
rCold  + . .     Clarity  .     (no armour)
rNeg   + + +     SustAt   .     (no shield)
rPois  ∞         Gourm    .     (no helmet)
rElec  .         Spirit   .     (no cloak)
rCorr  .         Warding  .     (no gloves)
rMut   .         Stasis   .     (no boots)
MR     .....                    (no amulet)
Stlth  ++........               (no ring)
                                (no ring)

@: not resistant to hostile enchantments, unstealthy
A: no food or potions, fire vulnerability, cold resistance 1, negative energy
resistance 3, torment resistance, unbreathing
a: no special abilities


You were on level 3 of the Dungeon.
You were not hungry.

You visited 1 branch of the dungeon, and saw 3 of its levels.

You collected 133 gold pieces.


Innate Abilities, Weirdness & Mutations

You do not eat or drink.
Your flesh is vulnerable to fire.
You are immune to poison.
Your flesh is cold resistant.
You are immune to negative energy.
You are immune to unholy pain and torment.
You can survive without breathing.


   Skills:
 + Level 3.0 Fighting
 - Level 2.4 Dodging
 - Level 1.5 Stealth
 - Level 5.0 Unarmed Combat


You had 3 spell levels left.
You didn't know any spells.

Inventory:

Scrolls
 a - a scroll of fear {unknown}
 b - a scroll of enchant weapon {unknown}
 c - a scroll of amnesia {unknown}
 e - 2 scrolls of identify {unknown}
 f - a scroll of recharging {unknown}
 g - a scroll of fog {unknown}
 h - 2 scrolls of remove curse {unknown}
Comestibles
 d - 3 fruits (quivered)

Dungeon Overview and Level Annotations

Branches:
Dungeon (3/15)

Altars:

▒▒..▒ ▒.......▒▒▒▒▒▒.▒ ▒▒..▒
▒▒▒▒.▒▒▒▒ ▒.▒ ....▒ ▒.▒ ▒.▒
.▒▒.▒▒▒▒▒▒.▒▒▒▒▒▒ ▒.▒
................▒ ▒.▒ ▒▒▒▒▒▒
.▒▒▒..........▒.▒ ▒.▒ ▒▒▒▒....
.▒▒▒.▒▒.▒.......▒ ▒.▒ ▒......▒
..............▒▒▒▒▒▒.▒ ▒.▒▒.▒.▒▒
▒▒▒▒.▒▒...g.....M.s..▒▒▒▒.▒▒....▒
▒.........▒▒▒▒▒▒▒▒........▒..▒
▒........▒▒ ▒†.......▒...
▒▒▒▒......▒ ▒..▒▒.▒......
▒▒▒...▒▒ ▒..▒▒......▒. ▒...▒
▒.....▒.▒▒▒.▒ ▒...▒ ▒▒.▒▒.▒.▒ ▒▒▒
▒...▒ ▒.▒▒.▒.▒ ▒...▒ ▒.......


You could see a scorpion and a goblin.


Message History

The scorpion stings you!
You barely miss the scorpion!
The scorpion is lightly wounded!
The scorpion stings you!
You pound the scorpion but do no damage!
The scorpion is lightly wounded!
The scorpion stings you!
You pummel the scorpion like a punching bag!
The scorpion is moderately wounded!
The scorpion stings you!
You pound the scorpion into fine dust! Your punch misses the scorpion!
The scorpion is moderately wounded!
The scorpion stings you!!! * * * don't die
* * * You barely miss the scorpion!
The scorpion is moderately wounded!
You pummel the scorpion like a punching bag!
The scorpion is moderately wounded!
The scorpion stings you! * * * don't die
* * *
There is a stone staircase leading down here!
Found a bread ration!
You see here a bread ration!
The scorpion stings you!!! * * * don't die
* * * A goblin comes into view! It is wielding a club!
The goblin shouts!!!
The goblin unwields an uncursed club!
The goblin wields a hunting sling!
The goblin shoots a stone!
The stone hits you!!! rip

Action                   |  1- 3 |  4- 6 || total
-------------------------+-------+-------++-------
Melee: Unarmed           |   156 |    67 ||   223
 Stab: Sleeping          |     8 |     2 ||    10
       Distracted        |     2 |       ||     2

Vault maps used:
D:1:      evilmike_arrival_hilbert_curve
D:2:      serial_bayou, serial_bayou_lake_a, serial_bayou_shore_b,
          serial_bayou_pond_a, serial_bayou_pond_d
D:3:      ecumenical_altar_2, kennysheep_nondescript

Notes
Turn   | Place    | Note
--------------------------------------------------------------
     0 | D:1      | MistressOfTheDunes the Mummy Monk began the quest for the Orb.
     0 | D:1      | Reached XP level 1. HP: 18/18 MP: 1/1
   263 | D:1      | Reached XP level 2. HP: 12/24 MP: 2/2
   728 | D:1      | Reached skill level 4 in Unarmed Combat
  1193 | D:1      | Reached XP level 3. HP: 18/29 MP: 3/3
  2231 | D:2      | Reached XP level 4. HP: 30/35 MP: 4/4
  3023 | D:2      | Reached skill level 5 in Unarmed Combat
  3263 | D:3      | Found a faded altar to an unknown god.
  3485 | D:3      | Shot with a stone by a goblin

Vanquished Creatures
  3 gnolls
  2 adders (D:2)
  2 oozes (D:1)
  2 worms (D:2)
  2 ball pythons
  6 hobgoblins
  7 kobolds
  9 bats
  3 giant cockroaches
  3 giant geckos (D:1)
  6 giant newts
  5 goblins
  9 rats
59 creatures vanquished.
